 Dungeon Crawl Stone Soup version 0.19.4-9-g45fd643 (webtiles) character file.

28917 gunter the Severer (level 13, -23/116 HPs)
             Began as a Minotaur Fighter on Feb 15, 2017.
             Was the Champion of Trog.
             Killed from afar by a deep elf mage (26 damage)
             ... with a bolt of lightning
             ... on level 13 of the Dungeon.
             The game lasted 01:17:12 (13595 turns).

gunter the Severer (Minotaur Fighter)              Turns: 13595, Time: 01:17:16

Health: -23/116    AC: 24    Str: 25    XL:     13   Next: 12%
Magic:  12/12      EV: 11    Int:  2    God:    Trog [******]
Gold:   1122       SH: 14    Dex: 11    Spells: 0 memorised, 12 levels left

rFire  + + .     SeeInvis .     a - +0 war axe
rCold  . . .     Gourm    .     n - +4 chain mail "Necusm" {+Fly rPois rF++ Int-3}
rNeg   . . .     Faith    .     c - +1 shield
rPois  +         Spirit   .     (helmet restricted)
rElec  .         Reflect  .     J - +0 cloak
rCorr  .         Harm     .     L - +2 pair of gloves
MR     .....                    l - +0 pair of boots
Stlth  ..........               k - amulet of regeneration
                                (no ring)
                                B - +2 ring of protection

@: no status effects
A: retaliatory headbutt, horns 2
a: Berserk, Trog's Hand, Brothers in Arms, Burn Spellbooks, Renounce Religion,
Evoke Flight


You were on level 13 of the Dungeon.
You worshipped Trog.
Trog was exalted by your worship.
You were not hungry.

You visited 1 branch of the dungeon, and saw 13 of its levels.

You collected 1122 gold pieces.

Inventory:

Hand Weapons
 a - a +0 war axe (weapon)
 P - a +2 antimagic hand axe
Armour
 c - a +1 shield (worn)
 l - a +0 pair of boots (worn)
 n - the +4 chain mail "Necusm" (worn) {+Fly rPois rF++ Int-3}
   (You found it on level 6 of the Dungeon)

   It affects your intelligence (-3).
   It greatly protects you from fire.
   It protects you from poison.
   It lets you fly.
 v - a +0 plate armour
 J - a +0 cloak (worn)
 L - a +2 pair of gloves (worn)
 R - a +0 hat of see invisible
Rods
 H - a +1 iron rod (13/13)
   (You found it on level 8 of the Dungeon)
Jewellery
 k - an amulet of regeneration (around neck)
 w - a cursed ring of teleportation
 y - an uncursed amulet of harm
 B - a +2 ring of protection (left hand)
 G - an uncursed amulet of guardian spirit
Wands
 E - a wand of iceblast (9/15)
 I - a wand of acid (1/15)
 N - a wand of slowing (15/48)
 T - a wand of disintegration (11/24)
 W - a wand of heal wounds (6/9)
Scrolls
 e - 5 scrolls of remove curse
 j - 2 scrolls of teleportation
 o - a scroll of immolation
 p - 3 scrolls of recharging
 q - a scroll of fog
 s - 3 scrolls of enchant weapon {unknown}
 t - a scroll of holy word {unknown}
 u - 5 scrolls of identify
 x - a scroll of noise {unknown}
 Q - a scroll of enchant armour
 S - a scroll of vulnerability {unknown}
 V - a scroll of blinking {unknown}
Potions
 b - a potion of berserk rage
 d - 2 potions of might
 r - 4 potions of flight
 z - 2 potions of cure mutation {unknown}
 A - 5 potions of curing
 C - 2 potions of heal wounds
 D - 2 potions of haste
 F - 2 potions of brilliance {unknown}
 K - a potion of beneficial mutation {unknown}
 M - a potion of mutation {unknown}
Comestibles
 f - 13 bread rations
 g - 7 meat rations
 h - 10 royal jellies
 i - 4 fruits
 m - 4 beef jerkies
 U - 8 chunks of flesh


   Skills:
 + Level 11.1 Fighting
 + Level 16.2 Axes
 + Level 11.0 Armour
 + Level 5.5 Dodging
 - Level 0.1 Stealth
 + Level 13.3 Shields


You had 12 spell levels left.
You didn't know any spells.

Dungeon Overview and Level Annotations

Branches:
Dungeon (13/15)            Temple (0/1) D:7            Lair (0/6) D:8
    Orc (0/2) D:10         Vaults (0/5) D:13

Altars:
Elyvilon
Fedhas
Hepliaklqana
Kikubaaqudgha
Makhleb
Nemelex Xobeh
Qazlal
Sif Muna
Trog
Vehumet
Yredelemnul
Zin
The Shining One

Shops:
D:6 %   D:9 ([[}[

Annotations:
D:8 luab's ghost, novice HOFi
D:10 Sonja
D:12 exclusion: oklob plant


Innate Abilities, Weirdness & Mutations

You reflexively headbutt those who attack you in melee.
You have a pair of horns on your head.


Message History

The deep elf mage gestures wildly while chanting.
The deep elf mage blinks!
The deep elf mage gestures at you while chanting.
The bolt of lightning hits you!
You slice the deep elf mage!!
The deep elf mage is heavily wounded.
The deep elf mage gestures at you while chanting.
The bolt of lightning hits you!
* * * LOW HITPOINT WARNING * * *
The bolt of lightning misses you.
You miss the deep elf mage. You headbutt the deep elf mage.
The deep elf mage is heavily wounded.
The deep elf mage hits you but does no damage.
You slash the deep elf mage!
The deep elf mage is severely wounded.
The deep elf mage gestures at you while chanting.
The bolt of lightning hits you!
* * * LOW HITPOINT WARNING * * *
The bolt of lightning hits you!
You die...

#####.#########.# #.# #..##..
#..<..........# #.# #.(##..
#.#.########..# #.# #..##.#
#.#.########..####.## #<....#
#...................# #..#...
#..#########..####..# #..#...
####..#########..# #..# #..#...
.............).)e# #..# #..####
###...########).@####..####..####
#...########...............##.[
###...##.....................##.#
......##.#####.#######.########.#
####.....# #.# #.# ##... #
#.##### #.# ##.# ##.... # #.# #.#
##..# #...). # #.# #.# #.#.#
#..... ####.# #.# ##.## #<....


You could see a deep elf mage.

Vanquished Creatures
  Gastronok (D:12)
  Azrael (D:13)
  Josephine (D:13)
  Snorg (D:12)
  4 vault guards (D:12)
  A hydra (D:12)
  3 centaur warriors (D:13)
  A hill giant (D:11)
  A wolf spider zombie (D:13)
  A deep elf mage (D:13)
  2 cyclopes (D:13)
  2 ugly things
  Joseph (D:10)
  A gargoyle (D:13)
  A kobold demonologist (D:13)
  An efreet (D:12)
  A redback zombie (D:10)
  A queen bee (D:9)
  6 trolls
  2 two-headed ogres (D:8)
  6 hippogriffs
  4 wraiths
  3 wyverns
  2 vampires
  A steam dragon (D:13)
  3 fire elementals (D:13)
  A hungry ghost (D:13)
  A vampire mosquito (D:12)
  3 soldier ants
  A water moccasin (D:13)
  4 porcupines (D:8)
  A hell hound (D:13)
  3 sky beasts
  6 ice beasts
  13 orc warriors
  A black bear (D:10)
  7 ogres
  3 phantoms (D:7)
  18 centaurs
  7 big kobolds
  5 bullfrogs
  A wyvern zombie (D:9)
  A wyvern skeleton (D:11)
  5 scorpions
  15 killer bees (D:9)
  5 wights (D:12)
  An electric eel (D:12)
  A howler monkey (D:9)
  3 crimson imps
  3 bullfrog zombies
  10 hounds
  4 quasits
  3 centaur zombies
  12 orc priests
  12 orc wizards
  2 centaur skeletons
  4 iguanas
  Jessica (D:2)
  2 bullfrog skeletons
  2 hell rats (D:8)
  6 worker ants
  A hound zombie (D:6)
  2 hound skeletons
  4 worker ant zombies
  9 gnolls
  14 adders
  2 shadow imps
  2 oozes (D:1)
  2 adder zombies (D:8)
  An adder skeleton (D:4)
  3 worms (D:2)
  A dart slug (D:1)
  5 leopard geckos
  57 orcs
  3 ball pythons
  7 bats
  6 giant cockroaches
  28 goblins
  34 hobgoblins
  5 jackals
  17 kobolds
  7 quokkas
  2 frilled lizards (D:4)
  A giant cockroach zombie (D:5)
  A leopard gecko zombie (D:9)
  A quokka zombie (D:7)
  10 rats
444 creatures vanquished.

Vanquished Creatures (others)
  8 fungi (D:12)
  5 plants (D:12)
13 creatures vanquished.

Grand Total: 457 creatures vanquished

Notes
Turn   | Place    | Note
-------+----------+-------------------------------------------
     0 | D:1      | gunter the Minotaur Fighter began the quest for the Orb.
     0 | D:1      | Reached XP level 1. HP: 19/19 MP: 0/0
   378 | D:1      | Reached XP level 2. HP: 27/27 MP: 1/1
   855 | D:1      | Reached XP level 3. HP: 33/33 MP: 2/2
  1024 | D:2      | Noticed Jessica
  1034 | D:2      | Killed Jessica
  1034 | D:2      | Reached skill level 3 in Axes
  1324 | D:2      | Reached XP level 4. HP: 29/40 MP: 3/3
  1529 | D:2      | Found a bloodstained altar of Trog.
  1531 | D:2      | Found a radiant altar of Vehumet.
  1533 | D:2      | Found an ancient bone altar of Kikubaaqudgha.
  1545 | D:2      | Became a worshipper of Trog the Wrathful
  1710 | D:2      | Found a white marble altar of Elyvilon.
  2128 | D:2      | Found a glowing silver altar of Zin.
  2807 | D:3      | Found a hazy altar of Hepliaklqana.
  2873 | D:3      | Reached XP level 5. HP: 46/47 MP: 4/4
  3008 | D:3      | Reached * piety under Trog
  3008 | D:3      | Reached skill level 4 in Axes
  3498 | D:4      | Reached skill level 5 in Armour
  3697 | D:4      | Found a burning altar of Makhleb.
  3721 | D:4      | Found a sand-covered staircase.
  4020 | D:4      | Reached XP level 6. HP: 49/53 MP: 5/5
  4067 | D:4      | Reached skill level 5 in Shields
  4093 | D:4      | Reached ** piety under Trog
  4203 | D:4      | Reached skill level 1 in Dodging
  4214 | D:4      | Reached skill level 5 in Axes
  4234 | D:4      | Reached skill level 6 in Axes
  4234 | D:4      | Reached XP level 7. HP: 48/60 MP: 6/6
  4623 | D:5      | Entered Level 5 of the Dungeon
  4799 | D:5      | Reached skill level 7 in Axes
  4829 | D:5      | Reached skill level 5 in Fighting
  5052 | D:5      | Reached skill level 8 in Axes
  5052 | D:5      | Reached XP level 8. HP: 68/68 MP: 7/7
  5564 | D:6      | Got an ichor-stained chain mail
  5593 | D:6      | Found a glowing golden altar of the Shining One.
  5806 | D:6      | Reached *** piety under Trog
  5926 | D:6      | Reached skill level 9 in Axes
  6155 | D:6      | Found Tikloz's Food Shoppe.
  6186 | D:6      | Found a basalt altar of Yredelemnul.
  6294 | D:6      | Found a deep blue altar of Sif Muna.
  6554 | D:6      | Found a stormy altar of Qazlal.
  6568 | D:6      | Identified the +4 chain mail "Necusm" {+Fly rPois rF++ Int-3} (You found it on level 6 of the Dungeon)
  6635 | D:6      | Reached skill level 10 in Axes
  6757 | D:7      | Reached XP level 9. HP: 75/75 MP: 8/8
  6855 | D:7      | Found a staircase to the Ecumenical Temple.
  6955 | D:7      | Reached **** piety under Trog
  7343 | D:7      | Received a gift from Trog
  7346 | D:7      | Reached skill level 11 in Axes
  7565 | D:8      | Noticed a troll
  7574 | D:8      | Killed a troll
  7648 | D:8      | Noticed a troll
  7660 | D:8      | Killed a troll
  7679 | D:8      | Noticed luab's ghost (novice HOFi)
  7741 | D:8      | Found a staircase to the Lair.
  7810 | D:8      | Reached skill level 12 in Axes
  7810 | D:8      | Reached XP level 10. HP: 47/86 MP: 9/9
  8512 | D:9      | Found Noijif's Gadget Boutique.
  8670 | D:9      | Reached ***** piety under Trog
  8726 | D:9      | Found Opsi's Antique Armour Emporium.
  8864 | D:9      | Reached skill level 13 in Axes
  8977 | D:9      | Found Peppul's Weapon Emporium.
  9087 | D:9      | Found Munucwye's Armour Emporium.
  9117 | D:9      | Found a sparkling altar of Nemelex Xobeh.
  9136 | D:9      | Found Jasomo's Armour Boutique.
  9307 | D:10     | Entered Level 10 of the Dungeon
  9388 | D:10     | Noticed Joseph
  9400 | D:10     | Killed Joseph
  9489 | D:10     | Found a staircase to the Orcish Mines.
  9600 | D:10     | Noticed Sonja
  9698 | D:10     | Reached XP level 11. HP: 39/95 MP: 10/10
 10037 | D:10     | Found a stormy altar of Qazlal.
 10178 | D:10     | Reached skill level 10 in Shields
 10431 | D:10     | Received a gift from Trog
 10545 | D:11     | Noticed a brown ugly thing
 10557 | D:11     | Killed a brown ugly thing
 10558 | D:11     | Noticed a hill giant
 10573 | D:11     | Killed a hill giant
 10780 | D:11     | Reached skill level 14 in Axes
 11013 | D:11     | You fall through a shaft!
 11074 | D:12     | Noticed Snorg
 11118 | D:12     | Killed Snorg
 11252 | D:12     | Noticed Gastronok
 11291 | D:12     | Killed Gastronok
 11617 | D:12     | Found a blossoming altar of Fedhas.
 11624 | D:12     | Noticed a white ugly thing
 11634 | D:12     | Killed a white ugly thing
 11634 | D:12     | Reached XP level 12. HP: 105/105 MP: 11/11
 12182 | D:11     | Reached skill level 15 in Axes
 12251 | D:13     | Noticed Josephine
 12266 | D:13     | Killed Josephine
 12283 | D:13     | Noticed a vault guard
 12405 | D:12     | Killed a vault guard
 12405 | D:12     | Reached skill level 10 in Fighting
 12435 | D:12     | Reached skill level 10 in Armour
 12475 | D:13     | Noticed a vault guard
 12497 | D:12     | Killed a vault guard
 12518 | D:13     | Noticed a vault guard
 12576 | D:12     | Reached ****** piety under Trog
 12601 | D:12     | Killed a vault guard
 12631 | D:13     | Noticed a vault guard
 12663 | D:12     | Killed a vault guard
 12736 | D:13     | Found a gate to the Vaults.
 12834 | D:13     | Received a gift from Trog
 12883 | D:13     | Noticed an eight-headed hydra
 12928 | D:12     | Killed a 19-headed hydra
 12928 | D:12     | Reached skill level 5 in Dodging
 13169 | D:13     | Reached skill level 16 in Axes
 13229 | D:13     | Noticed a centaur warrior
 13240 | D:13     | Killed a centaur warrior
 13310 | D:13     | Noticed a centaur warrior
 13322 | D:13     | Killed a centaur warrior
 13465 | D:13     | Noticed a centaur warrior
 13473 | D:13     | Killed a centaur warrior
 13473 | D:13     | Reached XP level 13. HP: 115/115 MP: 12/12
 13528 | D:13     | Noticed Azrael
 13544 | D:13     | Killed Azrael
 13595 | D:13     | HP: 3/116 [deep elf mage/bolt of lightning (23)]
 13595 | D:13     | Killed from afar by a deep elf mage

Skill      XL: |  1  2  3  4  5  6  7  8  9 10 11 12 13 |
---------------+----------------------------------------+-----
Armour         | 4 5 6 7 9 10 11 | 11.0
Fighting       | 4 5 6 7 8 9 10 11 | 11.1
Axes           | 3 4 6 8 10 12 13 14 16 | 16.2
Shields        | 4 5 6 8 9 11 13 | 13.3
Dodging        | 1 2 3 4 5 |  5.5
Stealth        | |  0.1

Action                   |  1- 3 |  4- 6 |  7- 9 | 10-12 | 13-15 || total
-------------------------+-------+-------+-------+-------+-------++-------
Melee: War axe           |    65 |   209 |   368 |   914 |    50 ||  1606
       Headbutt          |    13 |    30 |    69 |   213 |    13 ||   338
       Hand axe          |       |       |       |    63 |       ||    63
Invok: Berserk           |       |     1 |     2 |     5 |       ||     8
       Burn Spellbooks   |       |       |       |       |     2 ||     2
  Use: Scroll            |     1 |     2 |    12 |     7 |       ||    22
       Potion            |     1 |     1 |     6 |       |       ||     8
  Eat: Chunk             |     1 |     4 |    11 |    22 |       ||    38
       Bread ration      |       |     2 |       |       |       ||     2
       Pizza             |       |       |       |     1 |       ||     1
       Fruit             |       |       |       |     3 |       ||     3
Armor: Scale mail        |    29 |    93 |    49 |       |       ||   171
       Chain mail        |       |       |    57 |   428 |    12 ||   497
Dodge: Dodged            |    14 |    75 |    77 |   281 |     7 ||   454
Block: Shield            |    33 |   136 |   202 |   616 |    13 ||  1000
